Map: El Dorado

Players

wootwoot - Winner!

  • Race: Protoss Protoss
  • League: Silver
  • Spawn Location: 7:00

amazingcatfi

  • Race: Terran Terran
  • League: Platinum
  • Spawn Location: 5:00

VOD

Have the link to the VOD?

Description

Time

  • Played on: April 1, 2025, 6:01 p.m.
  • Length: 5:02
Show
View Real Time Build Order
Export as new Build Order

wootwoot Protoss - Winner!

Build Orders:  

Get SALT Encoding   

  12  0:00  Probe  
  13  0:12  Probe  
  14  0:20  Pylon  
  14  0:24  Probe  
  15  0:34  Probe  
  15  0:40  Gateway  
  15  0:42  Probe  
  16  0:49  Assimilator  
  17  0:52  Probe  
  18  1:04  Probe  
  19  1:16  Probe  
  20  1:21  Assimilator  
  20  1:27  Cybernetics Core  
  20  1:31  Probe  
  21  1:33  Pylon  
  21  1:44  Probe  
  22  1:56  Probe  
  23  2:03  Adept, Warp Gate  
  25  2:14  Stargate  
  25  2:16  Gateway  
  25  2:22  Gateway  
  25  2:32  Pylon  
  25  2:51  Void Ray  
  29  3:24  Void Ray  
  33  3:58  Stalker x2  
  33  3:59  Zealot  
  39  4:25  Pylon  
  39  4:29  Pylon  
  41  4:46  Stalker x3  
Show
View Real Time Build Order
Export as new Build Order

amazingcatfi Terran 

Build Orders:  

Get SALT Encoding   

  12  0:00  SCV  
  13  0:13  SCV  
  14  0:28  Supply Depot  
  14  0:31  SCV  
  15  0:45  Refinery  
  15  0:47  Refinery  
  15  0:49  SCV  
  16  0:52  Supply Depot  
  16  1:13  Supply Depot  
  16  1:18  Barracks  
  16  1:23  SCV  
  17  1:39  Barracks  
  17  1:45  SCV  
  18  2:00  SCV  
  19  2:05  Barracks Reactor  
  19  2:12  SCV  
  20  2:24  SCV  
  20  2:26  Barracks Reactor  
  21  2:33  Refinery  
  21  2:39  Engineering Bay  
  21  2:41  Orbital Command  
  21  2:42  Marine x2  
  23  3:02  Marine x2  
  23  3:03  Marine x2  
  27  3:13  Missile Turret  
  26  3:20  Marine x2  
  26  3:21  Marine x2  
  30  3:35  Supply Depot  
  30  3:38  Marine x2  
  30  3:39  Marine x2  
  34  3:46  Missile Turret  
  34  3:51  Missile Turret  
  34  3:55  Missile Turret  
  33  3:59  Marine x3  
  25  4:17  Marine  
  24  4:28  Missile Turret  
  19  4:35  Marine x3  
  17  4:47  Missile Turret  
Tags
 
Matchup
PvT
Replay Pack
B2M-Replays
Spawn Locations
Close Positions
Add a new tag
Caveats
  • Supply blocks, unpowered buildings, or Contaminate may cause inaccurate times.
  • Supply counts are checked every 10 seconds.